 Dungeon Crawl Stone Soup version 0.28-a0-247-gb8bfbab023 (webtiles) character file.

Game seed: 18125506336298195884

198104 Mesmaeker13 the Brawler (level 18, -16/168 HPs)
             Began as a Ghoul Warper on Aug 24, 2021.
             Was a High Priest of Makhleb.
             Demolished by Donald (30 damage)
             ... on level 2 of the Shoals on Aug 25, 2021.
             The game lasted 01:35:01 (41075 turns).

Mesmaeker13 the Brawler (Ghoul Warper)             Turns: 41075, Time: 01:35:02

Health: -16/168    AC: 20    Str: 25    XL:     18   Next: 43%
Magic:  29/29      EV: 15    Int: 16    God:    Makhleb [*****.]
Gold:   2795       SH:  5    Dex:  8    Spells: 21/33 levels left

rFire   . . .      SeeInvis .     - Unarmed
rCold   + . .      Faith    .   (no shield)
rNeg    + + +      Spirit   .   O - +5 scale mail "Roax" {rPois Regen+ Int+4}
rPois   ∞          Reflect  +   o - +1 helmet
rElec   +          Harm     .   x - +2 cloak
rCorr   .          Rampage  .   (no gloves)
Will    +....                   (no boots)
Stlth   ..........              c - amulet of reflection
HPRegen 0.00/turn               n - ring of flight
MPRegen 0.21/turn               H - ring "Quadion" {rElec EV+4 Str+6}

@: about to teleport, flying, inhibited regen
A: claws 1, cold resistance 1, negative energy resistance 3, inhibited
regeneration, torment resistance 2
}: 1/15 runes: gossamer
a: Renounce Religion, Minor Destruction, Lesser Servant of Makhleb, Major
Destruction, Greater Servant of Makhleb


You were on level 2 of the Shoals.
You worshipped Makhleb.
Makhleb was extremely pleased with you.
You visited 5 branches of the dungeon, and saw 29 of its levels.
You also visited: Sewer.

You collected 2795 gold pieces.

Inventory:

Hand Weapons
 k - a +1 scimitar of flaming
Missiles
 b - a throwing net
 d - 6 curare-tipped darts (quivered)
 i - 2 boomerangs of dispersal
 v - 28 boomerangs
Armour
 o - a +1 helmet (worn)
 x - a +2 cloak (worn)
 G - a +0 ring mail of fire resistance
 O - the +5 scale mail "Roax" (worn) {rPois Regen+ Int+4}
   (You found it on level 2 of the Lair of Beasts)

   Int:       It affects your intelligence (+4).
   rPois:     It protects you from poison.
   Regen:     It increases your rate of health regeneration.
Jewellery
 c - an amulet of reflection (around neck)
 n - a ring of flight (left claw)
 p - a ring of willpower
 E - a ring of see invisible
 H - the ring "Quadion" (right claw) {rElec EV+4 Str+6}
   (You acquired it on level 4 of the Lair of Beasts)

   [ring of evasion]

   EV:        It affects your evasion (+4).
   Str:       It affects your strength (+6).
   rElec:     It insulates you from electricity.
 K - a ring of resist corrosion
 S - a ring of protection from fire
Wands
 L - a wand of digging (8)
Scrolls
 a - 2 scrolls of immolation
 e - 4 scrolls of teleportation
 f - a scroll of torment
 q - 3 scrolls of magic mapping
 u - a scroll of fear
 y - 3 scrolls of fog
 B - a scroll of enchant weapon
 F - 6 scrolls of enchant armour
Potions
 g - 2 potions of heal wounds
 h - 6 potions of brilliance
 l - 13 potions of ambrosia
 m - 10 potions of haste
 t - 10 potions of curing
 w - a potion of flight
 z - 5 potions of magic
 A - 2 potions of might
 C - 4 potions of resistance
 I - 2 potions of lignification {unknown}
 J - a potion of cancellation
 N - a potion of attraction {unknown}
Miscellaneous
 Q - a phantom mirror


   Skills:
 + Level 16.7 Fighting
 - Level 0.8 Throwing
 - Level 12.5 Armour
 + Level 5.1 Dodging
 + Level 16.7 Unarmed Combat
 - Level 8.4 Spellcasting
 + Level 7.7 Translocations
 + Level 16.5 Invocations
 - Level 7.2 Evocations


You had 21 spell levels left.
You knew the following spells:

 Your Spells              Type           Power      Damage    Failure   Level
a - Blink                 Tloc           N/A        N/A       1%          2
b - Teleport Other        Tloc           31%        N/A       2%          3
c - Lesser Beckoning      Tloc           15%        N/A       2%          3
d - Passage of Golubria   Tloc           N/A        N/A       9%          4

Your spell library contained the following spells:

 Spells                   Type           Power      Damage    Failure   Level
 Apportation              Tloc           62%        N/A       1%          1
 Gell's Gravitas          Tloc           15%        N/A       2%          3
 Animate Skeleton         Necr           12%        N/A       21%         1
 Corona                   Hex            6%         N/A       21%         1
 Magic Dart               Conj           24%        1d4       21%         1
 Pain                     Necr           24%        1d5       21%         1
 Summon Small Mammal      Summ           24%        N/A       21%         1
 Manifold Assault         Tloc           31%        N/A       24%         5
 Call Imp                 Summ           6%         N/A       30%         2
 Frozen Ramparts          Ice            12%        1d3       52%         3
 Ignite Poison            Fire/Tmut/Pois 6%         N/A       52%         3
 Mephitic Cloud           Conj/Pois/Air  6%         N/A       52%         3
 Stone Arrow              Conj/Erth      12%        3d7       52%         3
 Vampiric Draining        Necr           3%         2d6       52%         3
 Summon Forest            Summ/Tloc      9%         N/A       75%         5
 Animate Dead             Necr           3%         N/A       90%         4
 Hailstorm                Conj/Ice       6%         3d4       90%         4
 Summon Ice Beast         Ice/Summ       6%         N/A       90%         4
 Bolt of Magma            Conj/Fire/Erth 3%         4d5       99%         5
 Borgnjor's Vile Clutch   Necr/Erth      3%         N/A       99%         5
 Freezing Cloud           Conj/Ice/Air   3%         6-21      99%         5
 Irradiate                Conj/Tmut      3%         3d14      99%         5
 Death Channel            Necr           3%         N/A       100%        6
 Simulacrum               Ice/Necr       3%         N/A       100%        6
 Malign Gateway           Summ/Tloc      9%         N/A       100%        7
 Summon Horrible Things   Summ           3%         N/A       100%        8
 Polar Vortex             Ice            3%         N/A       100%        9
 Shatter                  Erth           3%         3d7*      100%        9
 Wereblood                Tmut           Unusable   N/A       N/A         2
 Ice Form                 Ice/Tmut       Unusable   N/A       N/A         4
 Dragon Form              Tmut           Unusable   N/A       N/A         7

Dungeon Overview and Level Annotations

Branches:
Dungeon (15/15)            Temple (0/1) D:5            Lair (6/6) D:10
 Shoals (2/4) Lair:2       Spider (4/4) Lair:2        Slime (0/5) Lair:5
    Orc (2/2) D:10            Elf (0/3) Orc:2        Vaults (0/5) D:14
 Depths (0/5) D:15          Sewer (visited)

Altars:
Elyvilon
Makhleb
Nemelex Xobeh
Okawaru
Qazlal
Ru
Sif Muna
Trog
Beogh
Jiyva

Shops:
D:2 *   D:9 *   Orc:2 ?(?!   Shoals:1 *

Annotations:
D:7 1 runed translucent door, sn0wgr3's ghost, novice MiFi
Shoals:2 Donald; Roxanne
Spider:4 Mara


Innate Abilities, Weirdness & Mutations

You thrive by killing the living.
You are immune to poison.
You have sharp fingernails.
Your flesh is cold resistant. (rC+)
You are immune to negative energy. (rN+++)
You do not regenerate when monsters are visible.
You are immune to unholy pain and torment.


Message History

Donald hits you with a +0 demon trident of electrocution!!
Donald misses you.
Your balrug hits Donald with a +0 vampiric demon whip!
Donald is engulfed in flames!!
The centaur warrior moves out of view.
You claw Donald!
Donald is severely wounded.
Donald hits you with a +0 demon trident of electrocution!
Donald blocks your balrug's attack. Donald blocks your attack.
Donald is severely wounded.
Donald hits you with a +0 demon trident of electrocution!
Donald blocks your attack.
Donald is severely wounded.
Donald blocks your balrug's attack.
The stone giant throws a large rock.
The large rock hits you!
Donald hits you with a +0 demon trident of electrocution!!
The centaur warrior shoots an arrow.
The arrow hits your balrug!
Unknown command.
Donald blocks your attack.
Donald is severely wounded.
Donald blocks your balrug's attack.
Donald hits your balrug with a +0 demon trident of electrocution!!
The stone giant throws a large rock.
You reflect the large rock off an invisible shield around you!
The large rock barely misses the stone giant.
The large rock hits the centaur warrior!
The centaur warrior shoots an arrow.
The arrow hits your balrug!! Donald blocks your attack.
Donald is heavily wounded.
Donald hits you with a +0 demon trident of electrocution!
* * * LOW HITPOINT WARNING * * *
Your balrug barely misses Donald.
The centaur warrior shoots an arrow.
The arrow hits your balrug!
Your balrug dies!
As you read the scroll of teleportation, it crumbles to dust.
You feel strangely unstable.
Donald hits you with a +0 demon trident of electrocution!!
* * * LOW HITPOINT WARNING * * *
Donald hits you with a +0 demon trident of electrocution!!
You die...

...≈≈≈≈≈...###..≈≈≈≈≈≈≈≈≈
.#..≈≈≈..#####)..≈≈≈≈≈≈≈≈
#.......##....≈≈≈≈≈≈≈≈≈≈
..##..$.........≈≈≈≈≈≈≈≈≈
.. #............≈≈≈≈≈≈≈≈≈
....##.......[≈≈≈≈≈≈≈≈≈
$... #........≈≈≈≈≈≈≈≈≈
..#....@.......≈≈≈≈≈
.......@.......≈≈≈≈≈
.........C.....≈≈≈≈≈
##..#####.c....≈≈### ##
###≈.≈#### ≈#≈#≈# ≈≈≈#
≈≈# C≈#


You could see a stone giant, Donald (fast, strong) and a centaur warrior.

Vanquished Creatures
  Kirke (Spider:1)
  3 emperor scorpions (Spider:4)
  4 ghost moths
  A dire elephant (Lair:6)
  2 spark wasps (Spider:4)
  3 entropy weavers
  A fire dragon (D:12)
  Josephine (Lair:6)
  8 boulder beetles
  4 hydras
  2 death knights
  2 merfolk avatars (Shoals:1)
  4 catoblepae
  5 ogre magi
  3 centaur warriors
  23 two-headed ogres
  2 dancing weapons (D:14)
  Erica (D:8)
  7 death yaks
  7 death scarabs (Spider:4)
  A tengu warrior (D:14)
  Sonja (D:13)
  4 skeletal warriors
  3 sea snakes (Shoals:1)
  6 spectral wolf spiders
  An orc knight (D:10)
  Pikel (D:7)
  2 phantasmal warriors
  2 deep elf pyromancers (D:14)
  A lindwurm (Lair:6)
  2 necromancers
  18 harpies
  2 orc sorcerers (Orc:1)
  24 wolf spiders
  6 ugly things (D:15)
  6 fauns
  8 wolf spider zombies
  11 orb spiders
  4 manticores
  A stone giant zombie (D:15)
  An oklob plant (Lair:1)
  3 moths of wrath
  4 cyclopes
  3 merfolk sirens
  2 water nymphs
  14 elephants
  A torpor snail (Lair:2)
  7 cane toads
  6 gargoyles
  A centaur skeleton (D:13)
  3 spectral redbacks (Spider:4)
  A rime drake (Lair:1)
  13 demonic crawlers
  2 unseen horrors (D:11)
  5 freezing wraiths (D:15)
  A tengu conjurer (D:15)
  2 redback zombies (Spider:4)
  9 komodo dragons
  4 guardian mummies (D:12)
  3 wind drakes
  6 trolls
  Grinder (Sewer)
  27 jumping spiders
  2 merfolk
  A queen bee (D:10)
  3 spectral jumping spiders (Spider:4)
  5 hornets
  3 slime creatures (D:12)
  2 polar bears (Lair:6)
  2 spectral tarantellas (Spider:4)
  2 wolf spider simulacra (Spider:2)
  3 jumping spider zombies (Spider:4)
  3 snapping turtles
  8 blink frogs
  74 redbacks
  A centaur simulacrum (D:15)
  2 shadows
  2 water elementals
  6 wraiths
  5 wyverns
  23 yaks
  Sigmund (D:3)
  4 basilisks
  28 tarantellas
  2 hogs (Spider:1)
  3 steam dragons
  Edmund (D:5)
  An acid dragon (D:11)
  3 wargs
  3 spectral hornets (Spider:4)
  Duvessa (D:4)
  17 water moccasins
  2 hornet zombies
  2 ice beasts
  2 black bears
  17 orc warriors
  37 wolves
  11 centaurs
  33 ogres
  2 lemures (D:7)
  2 kobold brigands (Sewer)
  Blork the orc (D:6)
  7 bullfrogs
  A gnoll sergeant (D:9)
  Dowan (D:4)
  A scorpion (D:4)
  A hornet simulacrum (D:13)
  33 killer bees
  9 wights
  6 howler monkeys
  3 centaur zombies
  8 orc priests
  4 hounds
  A quasit (Sewer)
  A bullfrog skeleton (D:7)
  12 iguanas
  Ijyb (D:4)
  21 orc wizards
  5 hell rats (Lair:4)
  4 mummies (D:12)
  9 gnolls
  9 adders
  4 shadow imps (Sewer)
  2 white imps
  4 ufetubi
  An adder skeleton (D:4)
  5 worms
  64 orcs
  6 ball pythons
  7 bats
  7 endoplasms
  3 giant cockroaches
  4 goblins
  7 hobgoblins
  2 jackals (D:2)
  20 kobolds
  5 quokkas
  5 frilled lizards
  4 rats
914 creatures vanquished.

Vanquished Creatures (collateral kills)
  Arachne (Spider:2)
  Polyphemus (Shoals:1)
  2 emperor scorpions
  A death knight (D:15)
  A boulder beetle (Spider:2)
  An alligator snapping turtle (Shoals:1)
  A death yak (Shoals:1)
  A death scarab (Spider:4)
  A deep troll shaman (Lair:6)
  A skeletal warrior (D:15)
  A spectral wolf spider (Spider:4)
  2 wolf spiders
  An orc knight (D:15)
  A phantasmal warrior (D:15)
  4 orb spiders
  A frost giant zombie (D:15)
  A stone giant zombie (D:15)
  2 elephants (Lair:3)
  A stone giant skeleton (D:15)
  3 komodo dragons
  4 jumping spiders
  A hornet (Spider:4)
  A blink frog (Lair:5)
  14 redbacks
  2 tarantellas (Spider:4)
  A black bear (D:10)
  A wolf (Lair:3)
  4 wights
  A centaur zombie (D:9)
  An orc priest (D:8)
  2 orc wizards (D:8)
  3 orcs (D:8)
63 creatures vanquished.

Vanquished Creatures (others)
  A spectral wolf spider (Spider:2)
  An endoplasm (Sewer)
  A kobold zombie (Sewer)
  A bush (Lair:6)
  30 fungi
  53 plants
  12 withered plants
99 creatures vanquished.

Grand Total: 1076 creatures vanquished

Notes
Turn   | Place    | Note
-------+----------+-------------------------------------------
     0 | D:1      | Mesmaeker13 the Ghoul Warper began the quest for the Orb.
     0 | D:1      | Reached XP level 1. HP: 17/17 MP: 2/2
    45 | D:1      | Reached skill level 1 in Armour
   374 | D:1      | Reached XP level 2. HP: 25/25 MP: 3/3
  1011 | D:1      | Reached XP level 3. HP: 10/30 MP: 4/4
  1590 | D:2      | Found a faded altar of an unknown god.
  2000 | D:2      | Reached XP level 4. HP: 38/38 MP: 5/5
  2136 | D:2      | Found Yduovur's General Store.
  2811 | D:3      | Found a large runed translucent door.
  2812 | D:3      | Found a large runed translucent door.
  2924 | D:3      | Found a bloodstained altar of Trog.
  3554 | D:4      | Noticed Ijyb
  3613 | D:4      | Noticed a scorpion
  3630 | D:4      | Reached XP level 5. HP: 26/45 MP: 6/6
  3644 | D:4      | Found a stormy altar of Qazlal.
  3826 | D:4      | Identified the ring of Ginewir {Drain rPois Will+ Str+2}
  3861 | D:4      | Killed Ijyb
  3862 | D:4      | Reached XP level 6. HP: 46/52 MP: 7/7
  3928 | D:4      | Found a glowing drain.
  3948 | Sewer    | Entered a sewer
  4351 | Sewer    | Found a burning altar of Makhleb.
  4383 | Sewer    | Noticed Grinder
  4392 | Sewer    | Paralysed by Grinder for 6 turns
  4437 | Sewer    | Killed Grinder
  4438 | Sewer    | Reached XP level 7. HP: 44/60 MP: 8/8
  4567 | Sewer    | Became a worshipper of Makhleb the Destroyer
  4791 | D:4      | Reached skill level 5 in Fighting
  4791 | D:4      | Reached skill level 5 in Unarmed Combat
  5006 | D:4      | Noticed Duvessa
  5006 | D:4      | Noticed Dowan
  5021 | D:5      | Entered Level 5 of the Dungeon
  5095 | D:5      | Learned a level 2 spell: Blink
  5132 | D:5      | Found a staircase to the Ecumenical Temple.
  5571 | D:5      | Reached XP level 8. HP: 68/68 MP: 9/9
  5701 | D:5      | Noticed Edmund
  5841 | D:5      | Killed Edmund
  6309 | D:5      | Found a sparkling altar of Nemelex Xobeh.
  6865 | D:6      | Reached skill level 5 in Armour
  7645 | D:6      | Noticed Blork the orc
  7660 | D:6      | Killed Blork the orc
  7778 | D:6      | Reached XP level 9. HP: 73/78 MP: 10/10
  8500 | D:7      | Reached * piety under Makhleb
  8834 | D:7      | Identified the +5 ring mail of Fedhas's Wrath {rN+ Str+5}
  8858 | D:7      | Got the Handbook of Translocation
  8879 | D:7      | Found a runed translucent door.
  8880 | D:7      | Noticed sn0wgr3's ghost (novice MiFi)
  9383 | D:7      | Noticed Pikel
  9409 | D:7      | Killed Pikel
  9563 | D:6      | Reached XP level 10. HP: 71/90 MP: 11/11
 10017 | D:3      | Found a shimmering blue altar of Sif Muna.
 10024 | D:3      | Found a sacrificial altar of Ru.
 10024 | D:3      | Noticed Sigmund
 10028 | D:3      | Killed Sigmund
 10098 | D:4      | Killed Duvessa
 10104 | D:4      | Killed Dowan
 10441 | D:8      | Reached ** piety under Makhleb
 10595 | D:8      | Noticed a gargoyle
 10602 | D:8      | Killed a gargoyle
 10827 | D:8      | Noticed a gargoyle
 10833 | D:8      | Killed a gargoyle
 10961 | D:8      | Noticed a gargoyle
 10966 | D:8      | Killed a gargoyle
 10972 | D:8      | Noticed a gargoyle
 10979 | D:8      | Killed a gargoyle
 11161 | D:8      | Noticed a gargoyle
 11171 | D:8      | Killed a gargoyle
 11261 | D:8      | Noticed Erica
 11274 | D:8      | Killed Erica
 11275 | D:8      | Reached skill level 10 in Fighting
 11275 | D:8      | Reached skill level 10 in Unarmed Combat
 11280 | D:8      | Reached XP level 11. HP: 99/99 MP: 12/12
 12275 | D:9      | Reached skill level 1 in Invocations
 12281 | D:9      | Identified the +3 leather armour of Hoseo {rPois rF+}
 12610 | D:9      | Noticed a two-headed ogre
 12622 | D:9      | Killed a two-headed ogre
 12886 | D:9      | Found Kemosm's General Store.
 12995 | D:10     | Entered Level 10 of the Dungeon
 12996 | D:10     | Found an iron altar of Okawaru.
 12997 | D:10     | Found a burning altar of Makhleb.
 13221 | D:10     | Found a staircase to the Lair.
 13682 | D:10     | Noticed a death knight
 13700 | D:10     | Killed a death knight
 14089 | D:10     | Found a staircase to the Orcish Mines.
 14095 | D:10     | Reached *** piety under Makhleb
 14150 | D:10     | Found a runed translucent door.
 14386 | D:10     | Noticed an orc knight
 14402 | D:10     | Killed an orc knight
 14542 | Lair:1   | Entered Level 1 of the Lair of Beasts
 16466 | Lair:1   | Noticed an oklob plant
 16497 | Lair:1   | Reached XP level 12. HP: 110/110 MP: 14/14
 17166 | Lair:2   | Reached skill level 5 in Translocations
 17263 | Lair:2   | Reached skill level 5 in Invocations
 17549 | Lair:2   | Noticed a seven-headed hydra
 18056 | Lair:2   | Found a staircase to the Shoals.
 18214 | Lair:2   | Killed a four-headed hydra
 18504 | Lair:2   | Noticed a four-headed hydra
 18520 | Lair:2   | Killed a one-headed hydra
 18650 | Lair:2   | Reached skill level 10 in Armour
 18749 | Lair:2   | Found a hole to the Spider Nest.
 18777 | Lair:2   | Reached **** piety under Makhleb
 19620 | Lair:2   | Identified the +5 scale mail "Roax" {rPois Regen+ Int+4}
 19777 | Lair:3   | Noticed an eight-headed hydra
 19787 | Lair:3   | Killed a seven-headed hydra
 19871 | Lair:3   | Reached XP level 13. HP: 83/118 MP: 17/17
 20729 | Lair:4   | Identified 3 scrolls of acquirement
 20729 | Lair:4   | Acquired the ring "Quadion" {rElec EV+4 Str+6}
 21793 | Lair:5   | You fall into a shaft and drop 1 floor!
 21793 | Lair:6   | Entered Level 6 of the Lair of Beasts
 22117 | Lair:5   | Found a viscous altar of Jiyva.
 22117 | Lair:5   | Found a staircase to the Slime Pits.
 22187 | Lair:6   | Noticed Josephine
 22259 | Lair:6   | Killed Josephine
 23151 | Lair:6   | Reached XP level 14. HP: 127/127 MP: 19/19
 23233 | Lair:6   | Noticed a dire elephant
 23250 | Lair:6   | Killed a dire elephant
 23840 | Lair:1   | Acquired the ring "Ijezej" {rElec rC+ AC+4 Int+4}
 23844 | Lair:1   | Acquired an amulet of reflection
 24088 | Orc:1    | Entered Level 1 of the Orcish Mines
 24306 | Orc:1    | Reached ***** piety under Makhleb
 24600 | Orc:2    | Entered Level 2 of the Orcish Mines
 25243 | Orc:1    | Paralysed by an ogre mage for 4 turns
 25258 | Orc:1    | Reached skill level 10 in Invocations
 25342 | Orc:2    | Reached skill level 5 in Spellcasting
 25427 | Orc:2    | Reached XP level 15. HP: 137/137 MP: 21/21
 25516 | Orc:2    | Found a staircase to the Elven Halls.
 25554 | Orc:2    | Found Luwaf's Magic Scroll Emporium.
 25554 | Orc:2    | Found Fimanloz's Magic Scroll Boutique.
 25555 | Orc:2    | Found Ugeur's Distillery.
 25555 | Orc:2    | Found Wyvenyut's Antique Weapon Emporium.
 28008 | D:13     | Learned a level 3 spell: Teleport Other
 28209 | D:13     | Noticed Sonja
 28219 | D:13     | Killed Sonja
 28227 | D:13     | Learned a level 3 spell: Lesser Beckoning
 28290 | D:13     | Identified the +0 pair of boots "Ubujydos" {Harm rCorr
                  | Str-2}
 28854 | D:14     | Got the Guide on Transmutation
 28941 | D:14     | Found a gate to the Vaults.
 29419 | D:14     | Acquired a manual of Invocations
 29430 | D:15     | Entered Level 15 of the Dungeon
 29453 | D:15     | Reached ****** piety under Makhleb
 29610 | D:15     | Found a staircase to the Depths.
 29696 | D:15     | Identified the +3 mace of Tartarus {vorpal, rElec Str+4}
 29947 | D:15     | Reached XP level 16. HP: 125/147 MP: 23/25
 30088 | D:15     | Identified the +1 dagger "Orb Guardian's Curse" {protect,
                  | rCorr Str+4}
 30201 | D:15     | HP: 7/147 [phantasmal warrior[a death knight] (24)]
 30870 | Lair:1   | Upgraded the game from 0.28-a0-245-g639a1a48b9 to
                  | 0.28-a0-247-gb8bfbab023
 30876 | Lair:1   | Learned a level 4 spell: Passage of Golubria
 31054 | Spider:1 | Entered Level 1 of the Spider Nest
 31057 | Spider:1 | Reached skill level 1 in Evocations
 31645 | Lair:2   | Reached skill level 15 in Unarmed Combat
 31794 | Spider:1 | Noticed Kirke
 31816 | Spider:1 | Killed Kirke
 31937 | Spider:1 | You fall into a shaft and drop 1 floor!
 31984 | Spider:2 | Noticed Arachne
 32010 | Spider:2 | HP: 5/147 [Arachne (13)]
 32015 | Spider:2 | Killed Arachne
 32016 | Spider:2 | Reached skill level 15 in Fighting
 35061 | Spider:2 | Reached XP level 17. HP: 103/156 MP: 28/28
 35914 | Spider:4 | Entered Level 4 of the Spider Nest
 35978 | Spider:4 | Reached skill level 5 in Evocations
 37255 | Spider:4 | Noticed Mara
 37273 | Spider:4 | Reached skill level 15 in Invocations
 37279 | Spider:4 | Noticed Mesmaeker13's illusion
 39437 | Spider:4 | Reached XP level 18. HP: 86/167 MP: 29/29
 39535 | Spider:4 | Got a gossamer rune of Zot
 39756 | Shoals:1 | Entered Level 1 of the Shoals
 40124 | Shoals:1 | Found Gyofuw's Mayhem Merchandise.
 40637 | Shoals:2 | Noticed Polyphemus
 40663 | Shoals:1 | Killed Polyphemus
 40845 | Shoals:2 | Reached skill level 5 in Dodging
 40857 | Shoals:2 | Noticed Roxanne
 41057 | Shoals:2 | Noticed Donald
 41075 | Shoals:2 | Demolished by Donald

Illustrated notes

Levels and vault maps discovered:
D:1:      minmay_arrival_up_and_down, layout_loops_corners, minivault_25
D:2:      layout_basic, hellmonk_ecumenical_altar_leap_of_faith, serial_forest,
          infiniplex_forest_straight_2, infiniplex_forest_straight_2,
          infiniplex_forest_lined_room_, infiniplex_forest_straight_4,
          infiniplex_forest_end_2, infiniplex_forest_corner_2,
          infiniplex_forest_straight_4, serial_shops, shop,
          uniq_crazy_yiuf_cottage
D:3:      layout_loops_cross, jmf_multi_god_temple2, lightli_temple_of_fire,
          lemuel_tele_altar, hangedman_abyss_or_decor_lesser_grid, uniq_sigmund
D:4:      layout_rooms, grunt_qazlal_sundering, cheibrodos_sewer_entry_bend,
          uniq_duvessa, uniq_ijyb
D:5:      layout_layer_cave, mainiacjoe_overflow_alcove_4,
          minmay_temple_entry_ruins, kennysheep_nondescript, uniq_edmund
D:6:      wad_pebble_path, layout_basic, uniq_blork_the_orc
D:7:      layout_cave_pods, gammafunk_ghost_grave, minmay_misc_feat_roman,
          uniq_pikel
D:8:      cheibrodos_statue_roulette, layout_basic, serial_glass,
          glass_columns_a, glass_columns_c, glass_columns_a, glass_columns_c,
          uniq_erica
D:9:      layout_loops_corners, serial_shops, kennysheep_mini_moat
D:10:     layout_stronghold, gammafunk_temple_overflow_pools,
          grunt_lair_entry_orc_guard_hut, david_orc_2, kennysheep_another_room,
          lightli_church_of_beogh
D:11:     layout_small_grid
D:12:     layout_stronghold, minmay_guarded_unrand_curses
D:13:     layout_loops_ring, uniq_sonja
D:14:     layout_loops_ring, erik_vaults_1, serial_bayou_pond_b
D:15:     gammafunk_depths_entry_grave, layout_long_grid, serial_bayou_pond_b
Lair:1:   layout_cave_shapes, grunt_megastairs_4, minmay_lair_oklob_chamber
Lair:2:   beast_lair_carwin_large_3, layout_cave_shapes,
          minmay_shoals_entry_lonely_mermaid, spider_nest_entry_funnel_web
Lair:3:   layout_loops_ring, lemuel_fruit_tree
Lair:4:   layout_cave_pods, chequers_serial_rivers_large_a
Lair:5:   layout_cave_shapes, dpeg_slime_entry_enclosed_altar,
          chequers_serial_rivers_room_b
Lair:6:   grunt_lair_end_beastmaster, layout_gridlike, uniq_josephine
Shoals:1: layout_shoals, minmay_shop_mayhem
Shoals:2: layout_shoals, hangedman_shoals_cup_caves, uniq_polyphemus,
          uniq_ilsuiw, uniq_roxanne, uniq_donald, uniq_louise
Spider:1: layout_spider_delve, hangedman_spider_tarantella_strand, uniq_kirke
Spider:2: layout_chambers, nicolae_spider_undead_wolf_pack, uniq_arachne
Spider:3: layout_spider_delve
Spider:4: floodkiller_spider_rune_tomb, nicolae_spider_rock_and_or_roll,
          uniq_mara
Orc:1:    layout_diamond_mine, special_room [special_room_bee]
Orc:2:    st_orc_ogre_mass, layout_caves, basic_altar

Skill      XL: |  1  2  3  4  5  6  7  8  9 10 11 12 13 14 15 16 17 18 |
---------------+-------------------------------------------------------+-----
Armour         | 1 2 3 5 6 8 9 10 11 12 | 12.5
Dodging        | 2 3 4 5 |  5.1
Fighting       | 3 4 5 6 8 10 11 12 13 14 15 16 | 16.7
Unarmed Combat | 3 4 5 6 8 10 11 12 13 14 15 16 | 16.7
Invocations    | 4 6 8 10 11 13 15 16 | 16.5
Translocations | 4 6 7 |  7.7
Spellcasting   | 3 5 6 8 |  8.4
Evocations     | 4 6 7 |  7.2
Throwing       | |  0.8

Action                   |  1- 3 |  4- 6 |  7- 9 | 10-12 | 13-15 | 16-18 || total
-------------------------+-------+-------+-------+-------+-------+-------++-------
Melee: Unarmed           |   126 |   305 |   378 |   732 |  1406 |  1364 ||  4311
       Punch             |       |     7 |     8 |    34 |    98 |   113 ||   260
       Scimitar          |       |       |       |    13 |     8 |       ||    21
Throw: Boomerang         |     5 |       |       |       |     4 |     2 ||    11
       Dart              |       |     8 |    27 |     5 |     2 |     4 ||    46
 Cast: Blink             |       |       |       |     6 |     7 |     7 ||    20
       Lesser Beckoning  |       |       |       |       |     6 |    24 ||    30
       Teleport Other    |       |       |       |       |     2 |     1 ||     3
       Passage of Golubr |       |       |       |       |       |     1 ||     1
Invok: Minor Destruction |       |       |       |     4 |     1 |     2 ||     7
       Lesser Servant of |       |       |       |     4 |     8 |    12 ||    24
       Major Destruction |       |       |       |       |     5 |    12 ||    17
       Greater Servant o |       |       |       |       |     1 |     6 ||     7
Evoke: Wand              |       |     4 |    12 |    43 |    35 |    64 ||   158
       Phantom mirror    |       |       |       |       |     2 |     2 ||     4
  Use: Scroll            |       |     1 |     7 |     9 |     8 |    16 ||    41
       Potion            |       |       |       |     1 |     1 |    10 ||    12
 Stab: Distracted        |       |       |       |       |     1 |     2 ||     3
       Paralysed         |       |       |       |       |       |    21 ||    21
       Held in net/web   |       |       |       |       |       |     1 ||     1
Armor: Leather armour    |    47 |     5 |       |       |       |       ||    52
       Ring mail         |       |   148 |   159 |   321 |     8 |       ||   636
       Chain mail        |       |       |    15 |       |       |       ||    15
       Scale mail        |       |       |       |    82 |   586 |   874 ||  1542
Dodge: Dodged            |    60 |   169 |   195 |   377 |   965 |  1175 ||  2941
Block: Other             |       |       |       |       |   200 |   368 ||   568
       Reflection        |       |       |       |       |     9 |     3 ||    12
       Rpst.: Scimitar   |       |       |       |     5 |       |       ||     5

Table legend: (Time is in decaauts)
 A = Elapsed time spent in this place.
 B = Non-inter-level travel time spent in this place.
 C = Inter-level travel time spent in this place.
 D = Time resting spent in this place.
 E = Time spent auto-exploring this place.
 F = Levels seen in this place.
 G = Mean time per level.
                   A        B        C        D        E       F      G
               +--------+--------+--------+--------+--------+-----+--------+
         Total |  40448 |  38272 |   2176 |  10062 |  18300 |  30 | 1348.3 |
       Dungeon |  19597 |  18512 |   1085 |   4153 |  10770 |  15 | 1306.5 |
          Lair |   8914 |   8378 |    536 |   1863 |   4540 |   6 | 1485.7 |
        Shoals |   1204 |   1154 |     50 |    291 |     72 |   2 |  602.0 |
   Spider Nest |   8338 |   7999 |    339 |   3270 |   2199 |   4 | 2084.5 |
  Orcish Mines |   1646 |   1483 |    163 |    261 |    571 |   2 |  823.0 |
         Sewer |    747 |    747 |      0 |    224 |    147 |   1 |  747.0 |
               +--------+--------+--------+--------+--------+-----+--------+

Top non-repeatable levels by time:
Spider:4: 3667 daAuts
Spider:2: 2778 daAuts
  Lair:2: 2769 daAuts
    D:10: 2455 daAuts
  Lair:1: 2158 daAuts
     D:6: 1920 daAuts
     D:5: 1709 daAuts
     D:8: 1593 daAuts
     D:2: 1367 daAuts
     D:7: 1331 daAuts
  Lair:6: 1314 daAuts
     D:9: 1275 daAuts
Spider:1: 1262 daAuts
    D:15: 1205 daAuts
     D:1: 1204 daAuts
